 Dungeon Crawl Stone Soup version 0.16-a0-3994-gbbee317 (webtiles) character file.

9055 Herrn the Geomancer (level 11, -13/84 HPs)
             Began as a Formicid Earth Elementalist on Feb 13, 2015.
             Was a High Priest of Cheibriados.
             Mangled by a boring beetle (24 damage)
             ... on level 10 of the Dungeon.
             The game lasted 00:54:30 (14531 turns).

Herrn the Geomancer (Formicid Earth Elementalist)  Turns: 14531, Time: 00:54:30

Health: -13/84     AC: 14    Str: 24    XL:     11   Next: 67%
Magic:  20/20      EV: 12    Int: 29    God:    Cheibriados [*****.]
Gold:   594        SH: 16    Dex: 22    Spells: 2 memorised, 11 levels left

rFire  . . .     SeeInvis +     G - +0 broad axe
rCold  . . .     Clarity  .     y - +4 chain mail
rNeg   . . .     SustAb   .     E - +0 large shield
rPois  +         Gourm    .     (helmet unavailable)
rElec  .         Spirit   .     (no cloak)
rCorr  .         Warding  .     (no gloves)
rMut   .         Stasis   +     (no boots)
MR     ++...                    (no amulet)
Stlth  ..........               Q - ring of poison resistance
                                C - +4 ring of evasion

@: very slow, very resistant to hostile enchantments, extremely unstealthy
A: permanent stasis, dig shafts and tunnels, four strong arms, antennae 3, magic
resistance 1
a: Dig, Shaft Self, Bend Time, Temporal Distortion, Slouch, Step From Time,
Renounce Religion


You were on level 10 of the Dungeon.
You worshipped Cheibriados.
Cheibriados was extremely pleased with you.
You were very hungry.

You visited 2 branches of the dungeon, and saw 11 of its levels.

You collected 594 gold pieces.

Inventory:

Hand weapons
 r - a +0 hand axe of electrocution
 s - a +1 flail of crushing
 t - a +1 short sword of holy wrath
 D - a +0 dagger of flaming
 G - a +0 broad axe (weapon)
 J - a +2 dagger of protection
 M - a +0 dire flail
Missiles
 b - 80 stones (quivered)
 f - 22 poisoned bolts
 p - 95 bolts
Armour
 m - a troll hide
 y - a +4 chain mail (worn)
 E - a +0 large shield (worn)
 O - a +1 robe of fire resistance
Jewellery
 x - a +4 ring of dexterity
 C - a +4 ring of evasion (left hand)
 Q - a ring of poison resistance (right hand)
 V - a +3 ring of dexterity
Magical devices
 o - a wand of frost (19)
 z - a wand of digging (10)
 I - a wand of magic darts (10)
 L - a wand of magic darts (11)
Scrolls
 c - a scroll of fog
 e - a scroll of recharging
 h - 4 scrolls of remove curse
 k - a scroll of enchant weapon {unknown}
 l - a scroll of fear
 n - a scroll of amnesia
 u - 2 scrolls of immolation {unknown}
 S - a scroll of noise {unknown}
 T - a scroll of magic mapping
Potions
 P - 3 potions of brilliance
 U - a potion of restore abilities
 W - a potion of resistance
Books
 d - a book of Geomancy

   Spells                             Type                      Level
   a - Sandblast                      Earth                        1
   b - Stoneskin                      Transmutation/Earth          2
   c - Passwall                       Transmutation/Earth          3
   d - Stone Arrow                    Conjuration/Earth            3
   e - Petrify                        Transmutation/Earth          4
   f - Lee's Rapid Deconstruction     Earth                        5
 j - a book of Cantrips

   Spells                             Type                      Level
   a - Corona                         Hexes                        1
   b - Animate Skeleton               Necromancy                   1
   c - Summon Small Mammal            Summoning                    1
   d - Apportation                    Translocation                1
 v - a book of Debilitation

   Spells                             Type                      Level
   a - Corona                         Hexes                        1
   b - Slow                           Hexes                        2
   c - Inner Flame                    Hexes/Fire                   3
   d - Enslavement                    Hexes                        4
   e - Cause Fear                     Hexes                        4
   f - Leda's Liquefaction            Hexes/Earth                  4
 N - a Young Poisoner's Handbook

   Spells                             Type                      Level
   a - Sting                          Conjuration/Poison           1
   b - Cure Poison                    Poison                       2
   c - Mephitic Cloud                 Conjuration/Poison/Air       3
   d - Olgreb's Toxic Radiance        Poison                       4
   e - Venom Bolt                     Conjuration/Poison           5
Comestibles
 a - 9 bread rations
 g - 2 beef jerkies
 i - 7 meat rations
 w - 3 fruits
 A - 11 chunks of flesh
 B - 7 slices of pizza


   Skills:
 * Level 7.6 Fighting
 * Level 7.8 Axes
 + Level 5.6 Armour
 + Level 4.7 Dodging
 - Level 2.4 Stealth
 * Level 5.0 Shields
 - Level 2.1 Spellcasting
 * Level 6.6 Transmutations
 * Level 11.5 Earth Magic


You had 11 spell levels left.
You knew the following spells:

 Your Spells              Type           Power        Failure   Level  Hunger
a - Sandblast             Erth           ######       4%          1    None
b - Stoneskin             Trmt/Erth      ######..     17%         2    ##.....


Dungeon Overview and Level Annotations

Branches:
Dungeon (10/15)            Temple (1/1) D:6            Lair (0/8) D:9
    Orc: D:9-12

Altars:
Ashenzari
Cheibriados
Dithmenos
Elyvilon
Fedhas
Gozag
Kikubaaqudgha
Makhleb
Nemelex Xobeh
Okawaru
Qazlal
Ru
Sif Muna
Trog
Vehumet
Xom
Yredelemnul
Zin
The Shining One

Shops:
D:8 *


Innate Abilities, Weirdness & Mutations

You are under a permanent stasis effect.
You can dig through walls and to a lower floor.
Your four strong arms can wield two-handed weapons with a shield.
You have a pair of large antennae on your head (SInv).
You are resistant to hostile enchantments.


Message History

You slash the yak!
The yak is moderately wounded.
You hit the boring beetle but do no damage.
You block the yak's attack.
Unknown command.
You barely miss the boring beetle. You hit the yak.
The yak is heavily wounded.
The yak barely misses you. The boring beetle bites you!
* * * LOW HITPOINT WARNING * * *
Unknown command.
Drink which item? (? for menu, Esc to quit)
You feel better. The yak barely misses you. The boring beetle bites you!!
* * * LOW HITPOINT WARNING * * *
Drink which item? (? for menu, Esc to quit)
You feel better. The yak closely misses you.
Use which ability? (? or * to list) Are you sure you want to shaft yourself?
You are feeling very hungry.
You block the yak's attack. The boring beetle bites you!!
You die... ......##.P..P..PP.... .....###Y..........# .....# ....YY.Y....# .....# #PPPPPPP.PP.###

.....########..Y..†..#
............##..##...#
...........#...##...##
...###........##B##.# ..##
##...#....Y@...# .##
#...#.....##..# .#
##..#....###### ## #..#...## ##
#..#...##### .## #..#.......#
########### ..#########.....#.#
###..........
..#.#.#.#.#...##).###...#########
#.#.#.#.#.#.##.#..'...### #


You could see a boring beetle and a yak.

Vanquished Creatures
  2 guardian serpents (D:10)
  Psyche (D:8)
  A queen bee (D:10)
  A two-headed ogre (D:8)
  2 trolls
  A deep elf mage (D:9)
  The ghost of inmateoo the Slasher, an average VSFi (D:6)
  8 yaks
  A hungry ghost (D:7)
  A hippogriff (D:9)
  A wyvern (D:9)
  Edmund (D:6)
  4 ogres
  3 ice beasts
  5 orc warriors
  3 sky beasts
  2 black bears (D:6)
  3 boring beetles (D:9)
  3 phantoms
  A necrophage (D:10)
  2 centaurs
  Duvessa (D:6)
  2 big kobolds
  A wyvern zombie (D:9)
  5 giant frogs
  A wyvern skeleton (D:10)
  9 wights (D:9)
  9 killer bees (D:10)
  A water moccasin skeleton (D:5)
  A scorpion (D:9)
  Dowan (D:6)
  The ghost of Charly the Charmwright, a weakling GrSk (D:3)
  2 giant frog zombies
  4 hounds
  4 crimson imps
  9 orc priests
  A quasit (D:9)
  A centaur skeleton (D:6)
  A jelly (D:5)
  2 giant frog skeletons
  21 orc wizards
  9 worker ants
  Natasha (thrice) (D:4)
  3 iguanas
  A killer bee zombie (D:8)
  A hound zombie (D:6)
  2 hound skeletons
  A worker ant zombie (D:5)
  2 gnolls
  13 adders
  3 worms (D:2)
  An adder skeleton (D:6)
  An adder zombie (D:8)
  3 giant geckos
  An ooze (D:2)
  51 orcs
  4 ball pythons
  A bat skeleton (D:4)
  A bat zombie (D:5)
  3 giant cockroaches
  18 goblins
  20 hobgoblins
  5 jackals
  17 bats
  2 giant newts (D:2)
  23 kobolds
  7 quokkas
  A quokka zombie (D:9)
  15 rats
336 creatures vanquished.

Vanquished Creatures (others)
  A deep elf mage (D:10)
  A phantom (D:6)
  9 plants (D:10)
11 creatures vanquished.

Grand Total: 347 creatures vanquished

Notes
Turn   | Place    | Note
--------------------------------------------------------------
     0 | D:1      | Herrn, the Formicid Earth Elementalist, began the quest for the Orb.
     0 | D:1      | Reached XP level 1. HP: 13/13 MP: 3/3
   389 | D:1      | Reached XP level 2. HP: 20/20 MP: 3/5
   508 | D:1      | Reached skill level 4 in Earth Magic
   820 | D:1      | Reached skill level 1 in Fighting
  1069 | D:1      | Reached XP level 3. HP: 26/26 MP: 4/7
  1487 | D:2      | Reached XP level 4. HP: 31/33 MP: 5/8
  1698 | D:2      | Reached skill level 5 in Earth Magic
  2297 | D:2      | Reached skill level 1 in Axes
  2297 | D:2      | Reached XP level 5. HP: 38/38 MP: 8/11
  2645 | D:3      | Noticed Charly's ghost (weakling GrSk)
  2655 | D:3      | Killed Charly's ghost
  2789 | D:3      | Reached skill level 1 in Armour
  2920 | D:3      | Reached XP level 6. HP: 38/46 MP: 5/12
  3288 | D:3      | Found a shadowy altar of Dithmenos.
  3707 | D:4      | Reached skill level 6 in Earth Magic
  4085 | D:4      | Reached skill level 7 in Earth Magic
  4085 | D:4      | Reached XP level 7. HP: 36/52 MP: 0/14
  4201 | D:4      | Noticed Natasha
  4206 | D:4      | Killed Natasha
  4325 | D:4      | Noticed Natasha
  4328 | D:4      | Killed Natasha
  4601 | D:4      | Noticed Natasha
  4624 | D:4      | Killed Natasha
  4668 | D:4      | Found a radiant altar of Vehumet.
  4730 | D:5      | Entered Level 5 of the Dungeon
  4836 | D:5      | Learned a level 2 spell: Stoneskin
  5124 | D:5      | Reached XP level 8. HP: 42/58 MP: 10/16
  5131 | D:5      | Reached skill level 8 in Earth Magic
  6038 | D:6      | Noticed Duvessa
  6038 | D:6      | Noticed Dowan
  6050 | D:6      | Killed Duvessa
  6057 | D:6      | Killed Dowan
  6505 | D:6      | Reached XP level 9. HP: 62/65 MP: 18/18
  6644 | D:6      | Reached skill level 9 in Earth Magic
  6812 | D:6      | Noticed Edmund
  6836 | D:6      | Killed Edmund
  6970 | D:6      | Noticed inmateoo's ghost (average VSFi)
  7143 | D:6      | Killed inmateoo's ghost
  7274 | D:6      | Found a staircase to the Ecumenical Temple.
  7284 | Temple   | Entered the Ecumenical Temple
  7299 | Temple   | Became a worshipper of Cheibriados the Contemplative
  7569 | D:6      | Reached skill level 10 in Earth Magic
  7912 | D:7      | Reached skill level 5 in Fighting
  8079 | D:7      | Reached skill level 5 in Axes
  8388 | D:7      | Reached XP level 10. HP: 71/74 MP: 18/18
  9224 | D:8      | You fall through a shaft for 2 floors!
  9224 | D:10     | Entered Level 10 of the Dungeon
  9257 | D:10     | Reached skill level 5 in Transmutations
  9311 | D:10     | Reached skill level 1 in Shields
  9699 | D:10     | Noticed a guardian serpent
  9705 | D:10     | Killed a guardian serpent
  9890 | D:10     | Acquired Cheibriados' first power
 10192 | D:9      | Found a staircase to the Lair.
 10301 | D:10     | Reached skill level 11 in Earth Magic
 11379 | D:8      | Found Kheirghucw's Assorted Antiques.
 11398 | D:8      | Reached XP level 11. HP: 57/84 MP: 15/20
 11668 | D:8      | Noticed Psyche
 11677 | D:8      | Acquired Cheibriados' second power
 11678 | D:8      | Killed Psyche
 11678 | D:8      | Reached skill level 5 in Armour
 12377 | D:9      | Gained mutation: You are resistant to hostile enchantments. [potion of beneficial mutation]
 13594 | D:10     | Noticed a guardian serpent
 13603 | D:10     | Killed a guardian serpent
 14258 | D:10     | Acquired Cheibriados' third power
 14497 | D:10     | Reached skill level 5 in Shields
 14531 | D:10     | Mangled by a boring beetle

Action                   |  1- 3 |  4- 6 |  7- 9 | 10-12 || total
-------------------------+-------+-------+-------+-------++-------
Melee: Unarmed           |    26 |       |       |       ||    26
       War axe           |     1 |    20 |       |       ||    21
       Hand axe          |       |    43 |   136 |       ||   179
       Broad axe         |       |       |    70 |   434 ||   504
       Flail             |       |       |    48 |       ||    48
 Cast: Sandblast         |    50 |   106 |   149 |   131 ||   436
       Stoneskin         |       |       |     2 |     1 ||     3
 Abil: Dig               |       |       |     3 |       ||     3
       Shaft Self        |       |       |       |     1 ||     1
Evoke: Wand              |       |       |       |     8 ||     8
  Use: Scroll            |       |       |     9 |     4 ||    13
       Potion            |       |       |     6 |    10 ||    16
 Stab: Sleeping          |     2 |       |     1 |       ||     3
       Distracted        |       |       |     1 |       ||     1
       Invisible         |       |       |     1 |       ||     1
  Eat: Chunk             |     2 |     6 |    12 |    14 ||    34
       Bread ration      |       |     1 |       |       ||     1
       Beef jerky        |       |       |     1 |       ||     1
       Pizza             |       |       |     1 |     1 ||     2
